 Dungeon Crawl Stone Soup version 0.21.1-1-g345015f (webtiles) character file.

2 shakethe the Grave Robber (level 1, -3/13 HPs)
             Began as a Demonspawn Necromancer on Feb 19, 2018.
             Slain by a gnoll
             ... wielding a +0 spear
              (8 damage)
             ... on level 1 of the Dungeon.
             The game lasted 00:00:22 (65 turns).

shakethe the Grave Robber (Demonspawn Necromancer)    Turns: 65, Time: 00:00:23

Health: -3/13      AC:  2    Str:  8    XL:     1   Next: 33%
Magic:  1/3        EV: 12    Int: 16    God:
Gold:   12         SH:  0    Dex: 13    Spells: 3/4 levels left

rFire    . . .     SeeInvis .   d - +0 mace
rCold    . . .     Gourm    .   (no shield)
rNeg     . . .     Faith    .   a - +0 robe
rPois    .         Spirit   .   (no helmet)
rElec    .         Reflect  .   (no cloak)
rCorr    .         Harm     .   (no gloves)
MR       .....                  (no boots)
Stlth    ++........             (no amulet)
HPRegen  0.04/turn              (no ring)
MPRegen  0.08/turn              (no ring)

@: no status effects
A: no striking features
a: no special abilities


You were on level 1 of the Dungeon.
You were not hungry.

You visited 1 branch of the dungeon, and saw 1 of its levels.

You collected 12 gold pieces.

Inventory:

Hand Weapons
 d - a +0 mace (weapon)
   (You found it on level 1 of the Dungeon)
Armour
 a - a +0 robe (worn)
Books
 b - a book of Necromancy
Comestibles
 c - a ration
 f - a chunk of flesh {@w0@w0}


   Skills:
 + Level 1.8 Dodging
 + Level 1.8 Stealth
 + Level 2.0 Spellcasting
 + Level 4.4 Necromancy


You had 3 spell levels left.
You knew the following spells:

 Your Spells              Type           Power        Failure   Level  Hunger
a - Pain                  Necr           ###.         3%          1    #......


Dungeon Overview and Level Annotations

Branches:
Dungeon (1/15)

Altars:


Message History

Welcome, shakethe the Demonspawn Necromancer.
The bosom of this dungeon contains the fabled artefact, the Orb of Zot.
Found a mace.
Found a staircase leading out of the dungeon.
There is a staircase leading out of the dungeon here.
d - a mace
There are no items here.
d - a +0 mace (weapon)
There is a staircase leading out of the dungeon here.
You open the door.
There is an open door here.
A bat comes into view.
The bat barely misses you. The bat barely misses you.
A bat comes into view.
The bat closely misses you.
You sock the bat!
You kill the bat!
The bat barely misses you.
You closely miss the bat. The bat hits you but does no damage.
You hit the bat.
You kill the bat!
No target in view!
No target in view!
No target in view!
No target in view!
No target in view!
No target in view!
No target in view!
No target in view!
No target in view!
No target in view!
No target in view!
No target in view!
No target in view!
No target in view!
You see here a bat corpse.
You butcher the bat corpse.
f - a chunk of flesh {@w0@w0} You now have 12 gold pieces.
You see here 25 poisoned needles.
You open the door.
There is an open door here.
A frilled lizard comes into view.
The frilled lizard hisses angrily.
A rat comes into view.
Aim: a frilled lizard (chance to defeat MR: 85%)
The frilled lizard writhes in agony!
You kill the frilled lizard!
A gnoll comes into view. It is wielding a spear.
You take 1 damage, and have 12/13 hp.
You now have 2/3 mp.
Aim: a rat (chance to defeat MR: 85%)
The rat writhes in agony!
You kill the rat!
You take 1 damage, and have 11/13 hp.
You now have 1/3 mp.
The gnoll hits you from afar with a spear.
You take 6 damage, and have 6/13 hp.
MASSIVE DAMAGE!!
Aim: a gnoll, wielding a spear (chance to defeat MR: 80%)
The gnoll writhes in agony!
The gnoll hits you from afar with a spear!
Ouch! That really hurt!
You die...

######### #.......########.#
#.........g.@....#
#......(.#.#######
.######.#'#.#.##############
.......................'...#
.######.#.###.##########.<.#
.#######.#.....# #...#
..†..g...#####.# #####
#.##....#####..#
###.........#


You could see a gnoll.

Vanquished Creatures
  2 bats (D:1)
  A frilled lizard (D:1)
  A rat (D:1)
4 creatures vanquished.

Notes
Turn   | Place    | Note
-------+----------+-------------------------------------------
     0 | D:1      | shakethe the Demonspawn Necromancer began the quest for the Orb.
     0 | D:1      | Reached XP level 1. HP: 13/13 MP: 3/3
    65 | D:1      | Slain by a gnoll

Action                   || total
-------------------------++-------
Melee: Mace              ||     3
 Cast: Pain              ||     3
Armor: Robe              ||     1
Dodge: Dodged            ||     4

Vault maps used:
D:1:      dpeg_arrival_simpleton_b, minmay_ruptured

Table legend:
 A = Turns spent in this place as a percentage of turns spent in the entire game.
 B = Non-inter-level travel turns spent in this place as a percentage of non-inter-level travel turns spent in the entire game.
 C = Inter-level travel turns spent in this place as a percentage of turns spent in this place.
 D = Turns resting spent in this place as a percentage of non-inter-level travel turns spent in this place.
 E = Turns spent auto-exploring this place as a percentage of non-inter-level travel turns spent in this place.
 F = Non-inter-level travel turns spent in this place divided by the number of levels of this place that you've seen.
                   A       B       C       D       E      F
               +-------+-------+-------+-------+-------+----------------------
         Total | 100.0 | 100.0 |   0.0 |   0.0 |  26.2 |  65.0
       Dungeon | 100.0 | 100.0 |   0.0 |   0.0 |  26.2 |  65.0
               +-------+-------+-------+-------+-------+----------------------

Table legend:
 A = Kills in this place as a percentage of kills in entire the game.
 B = Kills by you in this place as a percentage of kills by you in the entire game.
 C = Kills by friends in this place as a percentage of kills by friends in the entire game.
 D = Other kills in this place as a percentage of other kills in the entire game.
 E = Experience gained in this place as a percentage of experience gained in the entire game.
 F = Experience gained in this place divided by the number of levels of this place that you have seen.
                   A       B       C       D       E      F
               +-------+-------+-------+-------+-------+----------------------
         Total | 100.0 | 100.0 |   N/A |   N/A | 100.0 |   4.0
       Dungeon | 100.0 | 100.0 |   N/A |   N/A | 100.0 |   4.0
               +-------+-------+-------+-------+-------+----------------------
